 Seeded DCSS version 0.29.0-11-gd7f09526c8 (webtiles) character file.

Game seed: 20220902 (custom seed)

108 nickcage the Poker (level 4, -10/33 HPs)
             Began as a Merfolk Gladiator on Sept 2, 2022.
             Blown up by Ijyb (15 damage)
             ... with a mindburst bolt
             ... on level 3 of the Dungeon.
             The game lasted 00:02:56 (1987 turns).

nickcage the Poker (Merfolk Gladiator)              Turns: 1987, Time: 00:02:57

Health: -10/33     AC:  7    Str: 16    XL:     4   Next: 87%
Magic:  4/4        EV: 11    Int:  7    God:
Gold:   104        SH:  5    Dex: 15    Spells: 3/3 levels left

rFire   + . .      SeeInvis .   a - +0 trident
rCold   + . .      Faith    .   (no shield)
rNeg    . . .      Spirit   .   f - +0 scale mail
rPois   .          Reflect  +   c - +0 helmet
rElec   .          Harm     .   h - scarf {rC+ rF+}
rCorr   .          Rampage  .   (no gloves)
Will    .....                   (no boots)
Stlth   ..........              j - amulet of reflection
HPRegen 0.11/turn               (no ring)
MPRegen 0.09/turn               (no ring)

@: no status effects
A: (nimble swimmer 2), mertail
a: no special abilities


You were on level 3 of the Dungeon.
You visited 1 branch of the dungeon, and saw 3 of its levels.

You collected 104 gold pieces.

Inventory:

Hand Weapons
 a - a +0 trident (weapon)
Missiles
 d - 3 throwing nets (quivered)
 e - a javelin
Armour
 b - a +0 leather armour
 c - a +0 helmet (worn)
 f - a +0 scale mail (worn)
 h - a scarf of resistance (worn)
Jewellery
 j - an amulet of reflection (around neck)
Scrolls
 g - a scroll of enchant armour {unknown}
 o - a scroll of teleportation {unknown}
 q - a scroll of identify {unknown}
 r - a scroll of summoning {unknown}
 s - a scroll of vulnerability {unknown}
Potions
 i - a potion of brilliance {unknown}
 k - a potion of magic {unknown}
 l - 3 potions of heal wounds {unknown}
 m - a potion of curing {unknown}
 n - a potion of berserk rage {unknown}
 p - a potion of haste {unknown}


   Skills:
 - Level 2.1 Fighting
 + Level 7.1 Polearms
 - Level 2.0 Throwing
 - Level 4.0 Dodging
 + Level 0.4 Shields


You had 3 spell levels left.
You didn't know any spells.
Your spell library was empty.

Dungeon Overview and Level Annotations

Branches:
Dungeon (3/15)

Altars:

Annotations:
D:3 Ijyb


Innate Abilities, Weirdness & Mutations

((You are very nimble when in or above water. (Stealth+, EV+, Speed+++)))
Your lower body shifts to a powerful aquatic tail in water.


Message History

A kobold comes into view. It is wielding a +0 short sword.
The kobold shouts!
There is an open door here.
You reach to attack!
You hit the kobold.
You kill the kobold!
No target in view!
No target in view!
You see here a +0 short sword.
You open the door.
There is an open door here.
A goblin comes into view. It is wielding a +0 dagger.
The goblin shouts!
You reach to attack!
You hit the goblin.
The goblin is heavily wounded.
You reach to attack!
You miss the goblin.
The goblin is heavily wounded.
You miss the goblin.
The goblin is heavily wounded.
The goblin barely misses you.
You puncture the goblin!
You kill the goblin!
No target in view!
Things that are here:
a +0 dagger; a goblin corpse
Found a stone staircase leading down.
s - a scroll labelled JOAFFO KOADOOG A hobgoblin comes into view.
The hobgoblin shouts!
The hobgoblin moves out of view.
Ijyb the Twisted Goblin comes into view.
She is wielding a +0 dagger and carrying a wand of mindburst (15).
Found a viscous emerald potion.
Ijyb zaps a wand.
Your mind is blasted!
You reach to attack!
You hit the hobgoblin.
The hobgoblin is severely wounded.
You hit the hobgoblin.
You kill the hobgoblin!
Ijyb zaps a wand.
Your mind is blasted!
Ouch! That really hurt!
* * * LOW HITPOINT WARNING * * *
Ijyb zaps a wand.
Your mind is blasted!
You die...

##### ...# .
##.##### ... #.#
#....@.#####...#.
#.#
#..###....†.g....
#.# #..#
######.....# #.#
#.##..## .....
#.# #......# .!..
#.# ######.# ##.
#.# #.# #.### #.#
#...# #.####


You could see Ijyb.

Vanquished Creatures
  Terence (D:2)
  Robin (D:2)
  An adder (D:2)
  A dart slug (D:1)
  2 ball pythons
  5 endoplasms
  15 goblins
  8 hobgoblins
  4 jackals (D:1)
  2 quokkas (D:1)
  4 bats
  A frilled lizard (D:1)
  6 kobolds
  3 rats (D:1)
54 creatures vanquished.

Notes
Turn   | Place    | Note
-------+----------+-------------------------------------------
     0 | D:1      | nickcage the Merfolk Gladiator began the quest for the Orb.
     0 | D:1      | Reached XP level 1. HP: 16/16 MP: 1/1
   314 | D:1      | Reached XP level 2. HP: 22/22 MP: 2/2
   382 | D:1      | Reached skill level 5 in Polearms
   591 | D:1      | Reached XP level 3. HP: 24/27 MP: 3/3
   901 | D:1      | Found a faded altar of an unknown god.
  1045 | D:2      | Noticed Terence
  1062 | D:2      | Killed Terence
  1063 | D:2      | Reached skill level 6 in Polearms
  1063 | D:2      | Reached XP level 4. HP: 8/33 MP: 4/4
  1645 | D:2      | Noticed Robin
  1654 | D:2      | Killed Robin
  1686 | D:2      | Reached skill level 7 in Polearms
  1981 | D:3      | Noticed Ijyb
  1987 | D:3      | Blown up by Ijyb

Illustrated notes

Levels and vault maps discovered:
D:1:      giann_forest_graveyard, layout_loops_ring,
          hellmonk_ecumenical_altar_prayer_group
D:2:      layout_loops_ring, uniq_terence, uniq_robin
D:3:      layout_loops_corners, mainiacjoe_overflow_24_doors, led_xom_imps,
          uniq_ijyb

Skill      XL: |  1  2  3  4 |
---------------+-------------+-----
Polearms       | 5 6 7 |  7.1
Fighting       | |  2.1
Throwing       | |  2.0
Dodging        | |  4.0
Shields        | |  0.4

Action                   |  1- 3 |  4- 6 || total
-------------------------+-------+-------++-------
Melee: Trident           |   101 |    58 ||   159
       Punch             |     2 |     2 ||     4
Armor: Leather armour    |     4 |       ||     4
       Scale mail        |    20 |     6 ||    26
Dodge: Dodged            |    35 |    11 ||    46
Block: Other             |     7 |     9 ||    16
